 Dungeon Crawl Stone Soup version 0.20.1-1-g8b1a95d (webtiles) character file.

567 PauBabau the Cudgeler (level 7, 0/71 HPs)
             Began as an Ogre Gladiator on Dec 9, 2017.
             Was a Follower of Vehumet.
             Slain by a howler monkey (4 damage)
             ... on level 4 of the Dungeon.
             The game lasted 00:26:21 (5130 turns).

PauBabau the Cudgeler (Ogre Gladiator)              Turns: 5130, Time: 00:26:22

Health: 0/71       AC:  4    Str: 21    XL:     7   Next: 33%
Magic:  8/10       EV: 11    Int:  9    God:    Vehumet [*.....]
Gold:   148        SH:  0    Dex: 10    Spells: 9/10 levels left

rFire    . . .     SeeInvis .   a - +0 flail
rCold    . . .     Gourm    .   (no shield)
rNeg     . . .     Faith    .   b - +0 robe
rPois    .         Spirit   .   c - +0 hat
rElec    .         Reflect  .   m - +0 cloak (curse)
rCorr    .         Harm     .   (gloves unavailable)
MR       .....                  (boots unavailable)
Stlth    +.........             (no amulet)
Regen    0.3/turn               (no ring)
MPRegen  0.2/turn               (no ring)

@: very slightly contaminated
A: unfitting armour, tough skin 1
a: Renounce Religion


You were on level 4 of the Dungeon.
You worshipped Vehumet.
Vehumet was aware of your devotion.
You were hungry.

You visited 1 branch of the dungeon, and saw 5 of its levels.

You collected 148 gold pieces.

Inventory:

Hand Weapons
 a - a +0 flail (weapon)
Armour
 b - a +0 robe (worn)
 c - a +0 hat (worn)
 m - a cursed +0 cloak (worn)
Wands
 q - a wand of disintegration (7/24)
Scrolls
 e - a scroll of random uselessness {unknown}
 i - 2 scrolls of enchant armour {unknown}
 k - 2 scrolls of identify
 l - a scroll of fog {unknown}
 n - 2 scrolls of teleportation {unknown}
 o - a scroll of recharging {unknown}
 p - a scroll of amnesia {unknown}
 t - 2 scrolls of remove curse {unknown}
Comestibles
 f - 4 bread rations
 h - 3 fruits
 s - a meat ration


   Skills:
 * Level 4.5 Fighting
 * Level 5.8 Maces & Flails
 + Level 2.1 Throwing
 * Level 1.4 Armour
 * Level 3.7 Dodging
 * Level 2.0 Spellcasting


You had 9 spell levels left.
You knew the following spells:

 Your Spells              Type           Power        Failure   Level  Hunger
a - Freeze                Ice            #...         32%         1    ##.....


Dungeon Overview and Level Annotations

Branches:
Dungeon (5/15)
 Temple: D:4-7

Altars:
Cheibriados
Gozag
Qazlal
Vehumet

Shops:
D:4 [(

Annotations:
D:5 dscm's ghost, amateur OpFi


Innate Abilities, Weirdness & Mutations

You are too large for most types of armour.
You have tough skin. (AC +1)


Message History

The howler monkey hoots and howls with incredible vigour!
The orc priest hits you with a dagger.
* * * LOW HITPOINT WARNING * * *
The howler monkey hits you.
* * * LOW HITPOINT WARNING * * *
Casting: Freeze
Confirm with . or Enter, or press ? or * to list all spells.
Aiming: Freeze
Press: ? - help, Shift-Dir - straight line, f/p - orc priest
Aim: an orc priest, wielding a dagger and wearing a leather armour (severely wounded)
You freeze the orc priest.
The orc priest is almost dead.
The orc priest misses you.
The howler monkey hits you but does no damage.
A jackal skeleton comes into view.
You barely miss the orc priest.
The orc priest is almost dead.
The orc priest miscasts a cantrip.
The howler monkey hits you.
You die...

.## ##..(..................... .#
#.......................# .#
#........................ .#
##........................
.#######.........................
.............................>...
........#........................
.......###.............[.........
......## #......@h....<..........
...##.# #.....o.)...............
.####.## #.......................
## #..###.......................
# ##..##....................... #
##............................
##..###.......Z................
###..## ##.......................
.#...## ###......................


You could see a howler monkey, an orc priest and a jackal skeleton.

Vanquished Creatures
  The ghost of bmj180 the Covered, an amateur MiFi (D:4)
  An ogre (D:4)
  2 scorpions
  An orc priest (D:3)
  An iguana (D:4)
  Ijyb (D:4)
  3 worker ants (D:4)
  3 adders
  3 gnolls (D:2)
  A howler monkey skeleton (D:3)
  4 worms
  4 leopard geckos
  9 orcs
  4 bats
  3 giant cockroaches
  A hobgoblin (D:3)
  7 jackals
  A ball python (D:1)
  3 frilled lizards
  4 goblins
  11 kobolds
  8 rats
76 creatures vanquished.

Vanquished Creatures (others)
  An adder (D:3)
  A rat (D:3)
2 creatures vanquished.

Grand Total: 78 creatures vanquished

Notes
Turn   | Place    | Note
-------+----------+-------------------------------------------
     0 | D:1      | PauBabau the Ogre Gladiator began the quest for the Orb.
     0 | D:1      | Reached XP level 1. HP: 22/22 MP: 1/1
     2 | D:1      | Noticed an octopode
    12 | D:1      | Noticed a vine stalker
    14 | D:1      | Noticed a minotaur zombie
    14 | D:1      | Noticed a gargoyle
    18 | D:1      | Noticed an ogre
   246 | D:1      | Reached XP level 2. HP: 27/29 MP: 2/2
   259 | D:1      | Reached skill level 3 in Maces & Flails
  1146 | D:1      | Reached XP level 3. HP: 33/36 MP: 3/3
  1484 | D:2      | Reached XP level 4. HP: 44/44 MP: 4/4
  2371 | D:3      | Found an opulent altar of Gozag.
  2429 | D:3      | Found a faded altar of an unknown god.
  2989 | D:3      | Reached skill level 1 in Spellcasting
  3020 | D:3      | Found a radiant altar of Vehumet.
  3059 | D:3      | Found a snail-covered altar of Cheibriados.
  3064 | D:3      | Reached XP level 5. HP: 53/53 MP: 6/6
  3142 | D:3      | Reached skill level 4 in Maces & Flails
  3369 | D:3      | Became a worshipper of Vehumet
  3384 | D:3      | Reached skill level 1 in Armour
  3678 | D:4      | Found Teacopn's Weapon Emporium.
  3924 | D:4      | Found a stormy altar of Qazlal.
  3958 | D:4      | Reached XP level 6. HP: 57/62 MP: 8/8
  4255 | D:4      | Reached skill level 5 in Maces & Flails
  4365 | D:4      | Noticed Ijyb
  4372 | D:4      | Killed Ijyb
  4501 | D:4      | Reached * piety under Vehumet
  4501 | D:4      | Offered knowledge of Freeze by Vehumet.
  4509 | D:4      | Learned a level 1 spell: Freeze
  4750 | D:4      | Noticed bmj180's ghost (amateur MiFi)
  4774 | D:4      | Killed bmj180's ghost
  4774 | D:4      | Reached XP level 7. HP: 71/71 MP: 8/10
  4814 | D:4      | Found Wanotegh's Armour Shoppe.
  5018 | D:5      | Entered Level 5 of the Dungeon
  5076 | D:5      | HP: 3/71 [orc priest/dagger (3)]
  5076 | D:5      | Noticed dscm's ghost (amateur OpFi)
  5122 | D:4      | HP: 3/71 [howler monkey (2)]
  5122 | D:4      | HP: 1/71 [orc priest/dagger (2)]
  5130 | D:4      | Slain by a howler monkey

Skill      XL: |  1  2  3  4  5  6 |
---------------+-------------------+-----
Maces & Flails | 3 4 5 |  5.8
Dodging        | 3 |  3.7
Fighting       | 3 4 |  4.5
Spellcasting   | 1 2 |  2.0
Armour         | 1 |  1.4
Throwing       | |  2.1

Action                   |  1- 3 |  4- 6 |  7- 9 || total
-------------------------+-------+-------+-------++-------
Melee: Flail             |    93 |   167 |    26 ||   286
Throw: Throwing net      |     2 |     4 |       ||     6
 Cast: Freeze            |       |       |     1 ||     1
  Use: Potion            |       |     5 |     5 ||    10
       Scroll            |       |     4 |       ||     4
 Stab: Sleeping          |       |     1 |       ||     1
       Held in net/web   |       |     2 |       ||     2
  Eat: Chunk             |     2 |    10 |       ||    12
       Fruit             |       |       |     1 ||     1
Armor: Robe              |    25 |    44 |     7 ||    76
       Skin              |       |     6 |       ||     6
Dodge: Dodged            |    58 |   103 |    29 ||   190
